 Dungeon Crawl Stone Soup version 0.19-a0-1922-g1e9a4c1 (webtiles) character file.

6469 sveltemanboy the Spear-Bearer (level 10, 0/67 HPs)
             Began as a Demonspawn Gladiator on Oct 24, 2016.
             Was a Believer of Ashenzari.
             Slain by a cyan ugly thing (10 damage)
             ... on level 9 of the Dungeon.
             The game lasted 00:26:56 (10320 turns).

sveltemanboy the Spear-Bearer (DsGl)               Turns: 10320, Time: 00:26:57

Health: 0/67       AC: 16    Str: 12    XL:     10   Next: 68%
Magic:  0/13       EV: 11    Int: 12    God:    Ashenzari [**....]
Gold:   411        SH:  0    Dex: 16    Spells: 0 memorised, 13 levels left

rFire  + . .     SeeInvis .     a - +2 trident (venom)
rCold  . . .     Gourm    +     x - +3 ring mail {rF+}
rNeg   . . .     Faith    .     (no shield)
rPois  .         Spirit   +     c - +1 helmet (curse)
rElec  .         Reflect  .     s - +1 cloak
rCorr  +         Harm     .     (no gloves)
MR     .....                    h - +0 pair of boots
Stlth  +.........               n - amulet of the gourmand (curse)
                                (no ring)
                                B - ring of resist corrosion

@: drained
A: hooves 1, icy blue scales 2, agile 1, regeneration 1, weak 2, magic shield,
no device heal 2, rot immunity, subdued magic 1
a: Curse Item, Scrying, Renounce Religion


You were on level 9 of the Dungeon.
You worshipped Ashenzari.
Ashenzari was pleased with you.
You were completely stuffed.

You visited 2 branches of the dungeon, and saw 10 of its levels.
You also visited: Ossuary.

You collected 411 gold pieces.

Inventory:

Hand Weapons
 a - a +2 trident of venom (weapon)
Missiles
 t - 4 poisoned javelins (quivered)
 u - 8 javelins
 v - 3 tomahawks
Armour
 b - a +0 leather armour
 c - a cursed +1 helmet (worn)
 h - a +0 pair of boots (worn)
 s - a +1 cloak (worn)
 x - a +3 ring mail of fire resistance (worn)
Jewellery
 n - a cursed amulet of the gourmand (around neck)
 B - a ring of resist corrosion (left hand)
Wands
 z - a wand of flame (17/48)
Scrolls
 e - 8 scrolls of identify
 g - a scroll of fog
 j - 2 scrolls of blinking
 r - 7 scrolls of teleportation
 w - a scroll of magic mapping
 y - 2 scrolls of amnesia
Potions
 d - a potion of brilliance
 i - a potion of magic
 k - 2 potions of curing
 A - a potion of haste {unknown}
 C - a potion of cure mutation {unknown}
Comestibles
 f - 7 bread rations
 l - 3 beef jerkies
 m - 6 fruits
 o - 3 meat rations


   Skills:
 - Level 2.1(1.9) Fighting
 * Level 12.4(12.2) Polearms
 + Level 7.9(7.7) Throwing
 - Level 1.0(0.8) Armour
 - Level 3.0(2.8) Dodging
 - Level 2.0(1.8) Spellcasting


You had 13 spell levels left.
You didn't know any spells.

Dungeon Overview and Level Annotations

Branches:
Dungeon (9/15)             Temple (1/1) D:5
   Lair: D:8-11         Orc: D:9-12

Altars:
Ashenzari
Cheibriados
Dithmenos
Elyvilon
Fedhas
Hepliaklqana
Kikubaaqudgha
Makhleb
Nemelex Xobeh
Okawaru
Qazlal
Ru
Sif Muna
Trog
Uskayaw
Vehumet
Xom
Yredelemnul
Zin
The Shining One

Shops:
D:9 ((!(

Annotations:
D:5 Grinder


Innate Abilities, Weirdness & Mutations

You have large cloven feet.
You are mostly covered in icy blue scales. (AC +3)
When hurt, damage is shared between your health and your magic reserves.
You are immune to rotting.
You are agile. (Dex +2)
Your natural rate of healing is unusually fast.
You are very weak. (Str -4)
Potions and wands are poor at restoring your health.
Your spells are a little easier to cast, but a little less powerful.


Message History

The cyan ugly thing closely misses you.
Evoke which item? (* to show all) (? for menu, Esc to quit)
Okay, then.
You don't know any spells.
Evoke which item? (* to show all) (? for menu, Esc to quit)
Zapping:
z - a wand of flame {zapped: 3} (will waste charges)
Press: ? - help, Shift-Dir - straight line, f/p - cyan ugly thing
Aim: a cyan ugly thing (severely wounded, poisoned)
The puff of flame misses the cyan ugly thing.
Evoking this partially-identified wand wasted a few charges.
The cyan ugly thing trunk-slaps you but does no damage.
Evoke which item? (* to show all) (? for menu, Esc to quit)
Zapping:
z - a wand of flame {zapped: 5} (will waste charges)
Press: ? - help, Shift-Dir - straight line, f/p - cyan ugly thing
Aim: a cyan ugly thing (severely wounded, poisoned)
The puff of flame hits the cyan ugly thing.
The cyan ugly thing is severely wounded.
Evoking this partially-identified wand wasted a few charges.
The cyan ugly thing trunk-slaps you!
You die...

.......# #....#...#...#...#
.......####....#...)........
###............#...##############
..###.........##....# #.......#
..# #.........##....#####.......#
..###.........####..............#
..'.'...........................'
..###...............##.......(..#
.........#.....u@...##..........#
.........##8#.#8#....##+#.......#
.........####'####.#.##.#...∩...#
.).......####.###..#.##.#.......#
.[.##....##.).).#..#.##.####....#
.))##########.###.....#.# #....#
...########.).'.#.....#'####....#
...)......###.###.........##....#
..[[......#.).'_##.#......##....#


You could see a cyan ugly thing.

Vanquished Creatures
  Pikel (D:9)
  An ugly thing (D:7)
  A gargoyle (D:6)
  A spriggan (D:7)
  A water moccasin (D:9)
  5 ice beasts
  2 sky beasts
  3 slaves (D:9)
  A black bear (D:9)
  A necrophage (D:9)
  6 ogres
  4 orc warriors
  3 centaurs
  A big kobold (D:7)
  5 bullfrogs
  A gnoll sergeant (D:9)
  2 scorpions
  A troll zombie (D:9)
  10 wights (D:9)
  8 howler monkeys
  2 crimson imps
  A centaur skeleton (D:5)
  A centaur zombie (Ossuary)
  3 human zombies
  6 hounds
  A jelly (D:6)
  5 orc priests
  14 orc wizards
  2 human skeletons (D:9)
  3 iguanas
  10 worker ants
  Natasha (thrice) (D:3)
  2 big kobold zombies (Ossuary)
  3 hound zombies
  A hound skeleton (D:7)
  3 mummies
  A howler monkey zombie (D:8)
  A howler monkey skeleton (D:8)
  7 gnolls
  7 adders
  A shadow imp (D:8)
  3 oozes
  3 adder zombies
  An adder skeleton (D:4)
  3 dart slugs
  4 leopard geckos
  22 orcs
  3 ball pythons
  8 giant cockroaches
  5 hobgoblins
  3 jackals (D:2)
  4 quokkas
  A ball python zombie (D:6)
  3 bats (D:2)
  9 frilled lizards
  10 goblins
  13 hobgoblin zombies (Ossuary)
  3 jackal zombies (Ossuary)
  10 kobolds
  7 kobold zombies (Ossuary)
  4 orc zombies (Ossuary)
  4 quokka skeletons
  8 rats
  2 rat zombies (Ossuary)
268 creatures vanquished.

Notes
Turn   | Place    | Note
-------+----------+-------------------------------------------
     0 | D:1      | sveltemanboy the Demonspawn Gladiator began the quest for the Orb.
     0 | D:1      | Reached XP level 1. HP: 16/16 MP: 1/1
   436 | D:1      | Reached skill level 3 in Polearms
   605 | D:1      | Gained mutation: When hurt, damage is shared between your health and your magic reserves. [demonic ancestry]
   605 | D:1      | Reached XP level 2. HP: 21/22 MP: 2/2
   673 | D:1      | Reached skill level 1 in Armour
   782 | D:1      | Gained mutation: You have large cloven feet. [demonic ancestry]
   782 | D:1      | Reached XP level 3. HP: 25/27 MP: 3/3
  1056 | D:2      | Found a faded altar of an unknown god.
  1855 | D:2      | Reached skill level 1 in Spellcasting
  1855 | D:2      | Reached XP level 4. HP: 33/33 MP: 5/5
  2188 | D:3      | Noticed Natasha
  2196 | D:3      | Killed Natasha
  2196 | D:3      | Reached skill level 4 in Polearms
  2530 | D:3      | Noticed Natasha
  2548 | D:3      | Killed Natasha
  2548 | D:3      | Reached XP level 5. HP: 12/38 MP: 3/7
  2864 | D:3      | Noticed Natasha
  2869 | D:3      | Killed Natasha
  3638 | D:4      | Reached skill level 5 in Polearms
  3665 | D:4      | Found a sand-covered staircase.
  3671 | Ossuary  | Entered an ossuary
  3949 | Ossuary  | Gained mutation: You are partially covered in icy blue scales. (AC +2) [demonic ancestry]
  3949 | Ossuary  | Reached XP level 6. HP: 44/44 MP: 7/9
  4011 | Ossuary  | Reached skill level 6 in Polearms
  5141 | D:4      | Reached XP level 7. HP: 45/50 MP: 10/10
  5530 | D:5      | Entered Level 5 of the Dungeon
  5549 | D:5      | Gained mutation: Potions and wands are less effective at restoring your health. [potion of mutation]
  5549 | D:5      | Gained mutation: You are agile. (Dex +2) [potion of mutation]
  5549 | D:5      | Gained mutation: You are weak. (Str -2) [potion of mutation]
  5550 | D:5      | Gained mutation: Your spells are a little easier to cast, but a little less powerful. [potion of mutation]
  5550 | D:5      | Gained mutation: You are very weak. (Str -4) [potion of mutation]
  5550 | D:5      | Gained mutation: Potions and wands are poor at restoring your health. [potion of mutation]
  5551 | D:5      | Gained mutation: Your natural rate of healing is unusually fast. [potion of mutation]
  5551 | D:5      | Gained mutation: You have hoof-like feet. [potion of mutation]
  5551 | D:5      | Lost mutation: You have hoof-like feet. [potion of mutation]
  5825 | D:5      | Reached skill level 7 in Polearms
  5827 | D:5      | Found a staircase to the Ecumenical Temple.
  5888 | Temple   | Entered the Ecumenical Temple
  5919 | Temple   | Became a worshipper of Ashenzari the Shackled
  5984 | D:5      | Noticed Grinder
  6274 | D:6      | Gained mutation: You are immune to rotting. [demonic ancestry]
  6274 | D:6      | Reached XP level 8. HP: 56/56 MP: 11/11
  6321 | D:6      | Reached skill level 8 in Polearms
  6446 | D:6      | Found a bloodstained altar of Trog.
  6456 | D:6      | Identified the cursed +1 hunting sling of the Equinox {freeze, -Tele rElec Int+2}
  6537 | D:6      | Found a sparkling altar of Nemelex Xobeh.
  6753 | D:6      | Noticed a gargoyle
  6771 | D:6      | Killed a gargoyle
  6771 | D:6      | Reached skill level 9 in Polearms
  7066 | D:7      | Reached skill level 5 in Throwing
  7073 | D:7      | Noticed a green ugly thing
  7084 | D:7      | Killed a green ugly thing
  7084 | D:7      | Gained mutation: You are mostly covered in icy blue scales. (AC +3) [demonic ancestry]
  7084 | D:7      | Reached XP level 9. HP: 41/61 MP: 6/12
  7086 | D:7      | Reached skill level 10 in Polearms
  7227 | D:7      | Found a shimmering altar of Xom.
  7442 | D:7      | Reached * piety under Ashenzari
  7509 | D:7      | Found a burning altar of Makhleb.
  7559 | D:7      | Found a blossoming altar of Fedhas.
  8263 | D:7      | Reached skill level 11 in Polearms
  8635 | D:8      | Reached XP level 10. HP: 67/67 MP: 13/13
  8739 | D:8      | Found an iron altar of Okawaru.
  8849 | D:8      | Found a shimmering altar of Xom.
  9181 | D:9      | Found Jizaiquri's Weapon Shoppe.
  9401 | D:9      | Found Sejot's Antique Weapon Shoppe.
  9601 | D:9      | Reached ** piety under Ashenzari
  9682 | D:9      | Noticed Pikel
  9703 | D:9      | Killed Pikel
  9703 | D:9      | Reached skill level 12 in Polearms
  9793 | D:9      | Found a basalt altar of Yredelemnul.
  9933 | D:9      | Found Vemuemuf's Distillery.
 10258 | D:9      | Found Ehotyle's Antique Weapon Shop.
 10284 | D:9      | Noticed a cyan ugly thing
 10309 | D:9      | HP: 3/67 [cyan ugly thing (11)]
 10320 | D:9      | Slain by a cyan ugly thing

Vault maps used:
D:1:      dpeg_arrival_water_temple_mockup, hex_medium
D:2:      first_bread, ecumenical_altar_2, st_stairs_7
D:3:      serial_park_tiny_1, uniq_natasha
D:4:      nicolae_ossuary_entry_monument
D:5:      uniq_grinder
D:6:      minmay_cornered_nines, bloody_trog, nicolae_overflow_hidden_temple,
          grunt_decor_one_mirror
D:7:      lemuel_crystal_altar, kennysheep_mini_moat, basic_altar, the_bakery
D:8:      lemuel_doored_altar, kennysheep_okawaru_gauntlet
D:9:      lemuel_coloured_pillars_altar, serial_shops,
          nicolae_shop_behind_doors, nicolae_shop_trees, shop, shop,
          nicolae_benzene_ring, minivault_24,
          lemuel_mausoleum_altar_yredelemnul, uniq_pikel, uniq_joseph
Temple:   eino_temple_lava
Ossuary:  ossuary_tomb_1

Skill      XL: |  1  2  3  4  5  6  7  8  9 10 |
---------------+-------------------------------+-----
Polearms       | 3 4 5 6 7 9 11 12 | 12.4
Armour         | 1 |  1.0
Dodging        | 3 |  3.0
Spellcasting   | 1 2 |  2.0
Throwing       | 3 5 6 7 |  7.9
Fighting       | |  2.1

Action                   |  1- 3 |  4- 6 |  7- 9 | 10-12 || total
-------------------------+-------+-------+-------+-------++-------
Melee: Trident           |   140 |   305 |   526 |   327 ||  1298
       Kick              |    12 |    70 |    77 |       ||   159
Throw: Throwing net      |     1 |     5 |     1 |       ||     7
       Tomahawk          |     1 |     3 |     6 |       ||    10
       Javelin           |       |       |    14 |     9 ||    23
Invok: Curse Item        |       |       |     3 |       ||     3
Evoke: Wand              |       |       |       |     3 ||     3
  Use: Potion            |       |     7 |     7 |     2 ||    16
       Scroll            |       |       |    16 |     2 ||    18
 Stab: Sleeping          |       |     1 |     3 |       ||     4
       Distracted        |       |       |     1 |       ||     1
       Held in net/web   |       |       |     1 |       ||     1
  Eat: Chunk             |     3 |    21 |    11 |     6 ||    41
Armor: Leather armour    |    36 |    81 |    39 |       ||   156
       Ring mail         |       |       |    88 |    86 ||   174
       Skin              |       |       |     3 |       ||     3
Dodge: Dodged            |    65 |   222 |   231 |    91 ||   609
